 Dungeon Crawl Stone Soup version 0.29.1-12-g30fa7ad0bf (webtiles) character file.

Game seed: 10047470881254250216

4384 DildoBatman the Merchant of Misery (level 10, -7/74 HPs)
             Began as a Formicid Conjurer on Jan 13, 2023.
             Was a Believer of Kikubaaqudgha.
             Mangled by a gargoyle
             ... wielding a +0 morningstar
              (18 damage)
             ... in a bailey.
             The game lasted 00:33:32 (9737 turns).

DildoBatman the Merchant of Misery (FoCj)           Turns: 9737, Time: 00:33:33

Health: -7/74      AC:  6    Str: 11    XL:     10   Next: 61%
Magic:  9/20       EV: 16    Int: 23    God:    Kikubaaqudgha [**....]
Gold:   314        SH:  0    Dex: 12    Spells: 12/23 levels left

rFire   . . .      SeeInvis +   b - +0 shortbow
rCold   . . .      Faith    .   (no shield)
rNeg    . . .      Spirit   .   t - +0 robe
rPois   +          Reflect  .   (helmet unavailable)
rElec   .          Harm     .   N - +0 cloak
rCorr   .          Rampage  .   G - +0 pair of gloves
Will    +....                   h - +0 pair of boots
Stlth   ++........              r - amulet of regeneration
HPRegen 1.02/turn               P - +4 ring of evasion
MPRegen 0.17/turn               O - ring of poison resistance

@: no status effects
A: permanent stasis, dig shafts and tunnels, antennae 3, four strong arms
a: Dig, Renounce Religion, Unearth Wretches


You were in a bailey.
You worshipped Kikubaaqudgha.
Kikubaaqudgha was pleased with you.
You visited 2 branches of the dungeon, and saw 9 of its levels.
You also visited: Bailey.

You collected 314 gold pieces.

Inventory:

Hand Weapons
 a - a +4 mace of freezing
 b - a +0 shortbow (weapon)
Missiles
 e - a throwing net
 p - 19 poisoned darts
 y - 3 javelins
Armour
 h - a +0 pair of boots (worn)
 t - a +0 robe (worn)
 G - a +0 pair of gloves (worn)
 N - a +0 cloak (worn)
Jewellery
 d - a ring of flight
 r - an amulet of regeneration (around neck)
 z - a ring of ice
 O - a ring of poison resistance (right hand)
 P - a +4 ring of evasion (left hand)
Wands
 c - a wand of flame (50)
 k - a wand of roots (9)
 C - a wand of paralysis (12)
 I - a wand of digging (4)
Scrolls
 f - 2 scrolls of torment {unknown}
 g - 5 scrolls of enchant armour
 m - a scroll of enchant weapon {unknown}
 n - 3 scrolls of fog
 o - 2 scrolls of poison
 q - a scroll of magic mapping {unknown}
 s - a scroll of blinking {unknown}
 w - a scroll of identify
 D - a scroll of vulnerability {unknown}
 J - a scroll of silence {unknown}
 L - a scroll of amnesia {unknown}
 M - a scroll of brand weapon {unknown}
Potions
 i - 3 potions of curing {unknown}
 j - 5 potions of invisibility
 l - a potion of brilliance {unknown}
 u - 3 potions of degeneration {unknown}
 v - a potion of mutation {unknown}
 x - 2 potions of might {unknown}
 A - 2 potions of magic
 B - 2 potions of heal wounds {unknown}
 E - 3 potions of attraction {unknown}
 F - a potion of haste {unknown}
 H - a potion of flight {unknown}
 K - 2 potions of ambrosia {unknown}
 Q - a potion of resistance {unknown}


   Skills:
 - Level 5.0 Fighting
 - Level 2.0 Ranged Weapons
 - Level 5.0 Armour
 - Level 3.0 Dodging
 - Level 2.4 Stealth
 - Level 7.0 Spellcasting
 - Level 6.0 Conjurations
 * Level 7.2 Necromancy
 - Level 6.0 Fire Magic


You had 12 spell levels left.
You knew the following spells:

 Your Spells              Type           Power      Damage    Failure   Level
a - Searing Ray           Conj           70%        2d7       1%          2
b - Conjure Flame         Conj/Fire      35%        6-21      1%          3
c - Magic Dart            Conj           100%       1d8       1%          1
d - Vampiric Draining     Necr           41%        2d8       1%          3
z - Sublimation of Blood  Necr           41%        N/A       1%          2

Your spell library contained the following spells:

 Spells                   Type           Power      Damage    Failure   Level
 Foxfire                  Conj/Fire      100%       2x1d9     1%          1
 Necrotise                Necr           100%       1d9       1%          1
 Animate Dead             Necr           41%        N/A       4%          4
 Flame Wave               Conj/Fire      35%        2d10      6%          4
 Dazzling Flash           Conj/Hex       42%        N/A       7%          3
 Inner Flame              Hex/Fire       21%        N/A       7%          3
 Apportation              Tloc           16%        N/A       8%          1
 Slow                     Hex            32%        N/A       8%          1
 Summon Small Mammal      Summ           32%        N/A       8%          1
 Anguish                  Hex/Necr       12%        N/A       17%         4
 Confusing Touch          Hex            8%         N/A       22%         3
 Gell's Gravitas          Tloc           8%         N/A       22%         3
 Lesser Beckoning         Tloc           8%         N/A       22%         3
 Teleport Other           Tloc           8%         N/A       22%         3
 Fulminant Prism          Conj/Hex       10%        3d9       22%         4
 Iskenderun's Mystic Bla  Conj/Tloc      21%        2d6       22%         4
 Manifold Assault         Tloc           8%         N/A       91%         5
 Blink                    Tloc           Unusable   N/A       N/A         2

Dungeon Overview and Level Annotations

Branches:
Dungeon (8/15)             Temple (1/1) D:7          Bailey (1/1)
   Lair: D:8-11

Altars:
Ashenzari
Cheibriados
Dithmenos
Elyvilon
Fedhas
Gozag
Hepliaklqana
Kikubaaqudgha
Makhleb
Nemelex Xobeh
Okawaru
Qazlal
Ru
Sif Muna
Trog
Uskayaw
Vehumet
Wu Jian
Xom
Yredelemnul
Zin
The Shining One

Shops:
D:5 (:   D:6 :

Annotations:
D:8 1 transporter


Innate Abilities, Weirdness & Mutations

You cannot be hasted, slowed, berserked, paralysed or teleported.
You can dig through walls and to a lower floor.
You have a pair of large antennae on your head. (SInv)
Your four strong arms can wield two-handed weapons with a shield.


Message History

Casting: Conjure Flame (safe; 1% risk of failure)
Confirm with . or Enter, or press ? or * to list all spells.
You draw magical energy from your own body!
Casting: Sublimation of Blood (safe; 1% risk of failure)
Confirm with . or Enter, or press ? or * to list all spells.
You can't see any susceptible monsters within range! (Use Z to cast anyway.)
The gargoyle hurls a stone arrow at you.
The stone arrow hits you!!
Casting: Sublimation of Blood (safe; 1% risk of failure)
Confirm with . or Enter, or press ? or * to list all spells.
Aiming: Searing Ray (safe; 1% risk of failure)
Press: ? - help, Shift-Dir - straight line, f/p - gargoyle
Aim: a gargoyle, wielding a +0 morningstar (heavily damaged, 91% to hit)
The searing ray hits the gargoyle but does no damage.
The gargoyle is heavily damaged. (Press . to maintain the ray.)
The searing ray hits the gargoyle but does no damage.
The gargoyle is heavily damaged.
The searing ray hits the gargoyle but does no damage.
The gargoyle is heavily damaged.
Casting: Searing Ray (safe; 1% risk of failure)
Confirm with . or Enter, or press ? or * to list all spells.
Restarting spell: Searing Ray (safe; 1% risk of failure)
Press: ? - help, Shift-Dir - straight line, f/p - gargoyle
Aim: a gargoyle, wielding a +0 morningstar (heavily damaged, 91% to hit)
Okay, then.
You open the door.
There is an open door here.
Casting: Searing Ray (safe; 1% risk of failure)
Confirm with . or Enter, or press ? or * to list all spells.
The fire begins to smoulder!
The gargoyle hurls a stone arrow at you.
The stone arrow hits you!
Casting: Conjure Flame (safe; 1% risk of failure)
Confirm with . or Enter, or press ? or * to list all spells.
The fire ignites!
You are engulfed in blazing flames.
The gargoyle hits you with a +0 morningstar!!
You die...
Kikubaaqudgha rasps: "You have failed me!
Welcome... death!"

#.∩...#########......♣.....##9
#......≈≈.####...♣........##..
##..#..≈≈.#..)..).)..♣♣..##..{
####..≈≈.#..#............#..{
##.≈≈.#..#...♣.♣......##..
##≈≈.#..#......)......##.
♣≈≈.#..#......######...9
♣≈≈.#..#......#....#....
♣≈≈.'..@9.....#....#....
♣≈≈.#####.....#..###''##
♣≈≈.....####..)..'.....)
♣≈≈........#######......
♣≈≈..............#......
♣≈≈...8.8........'......
♣♣≈≈..8......8...#######
♣≈≈≈..♣♣♣.......♣ ♣♣≈≈≈♣♣
♣♣♣♣...♣♣


You could see a gargoyle.

Vanquished Creatures
  An unseen horror (D:7)
  Prince Ribbit (D:6)
  A hornet (D:8)
  Sigmund (D:5)
  A wraith (D:8)
  Menkaure (D:5)
  Duvessa (D:5)
  An ice beast (D:5)
  An orc warrior (D:7)
  A black bear (D:7)
  2 ogres (D:5)
  2 centaurs
  A kobold brigand (D:6)
  2 necrophages
  3 bullfrogs
  3 scorpions
  8 wights
  Dowan (D:5)
  7 vampire bats (Bailey)
  5 wolf zombies (Bailey)
  10 orc priests
  2 jellies
  5 hounds
  2 iguanas
  7 orc wizards
  Terence (D:3)
  A howler monkey zombie (D:8)
  7 gnolls
  3 adders
  3 shadow imps (D:5)
  3 white imps
  3 ufetubi
  A worm (D:2)
  2 dart slugs
  23 orcs
  8 endoplasms
  8 giant cockroaches
  10 goblins
  12 hobgoblins
  5 quokkas
  10 ball pythons
  5 bats
  A frilled lizard (D:2)
  9 kobolds
  18 orc zombies (Bailey)
  5 rats
208 creatures vanquished.

Vanquished Creatures (others)
  2 fungi (D:8)
  17 plants (D:8)
  4 withered plants (D:8)
23 creatures vanquished.

Grand Total: 231 creatures vanquished

Notes
Turn   | Place    | Note
-------+----------+-------------------------------------------
     0 | D:1      | DildoBatman the Formicid Conjurer began the quest for the
                  | Orb.
     0 | D:1      | Reached XP level 1. HP: 13/13 MP: 3/3
   196 | D:1      | Reached XP level 2. HP: 20/20 MP: 0/5
   199 | D:1      | Learned a level 2 spell: Searing Ray
   561 | D:1      | Reached skill level 1 in Fighting
   589 | D:1      | Reached skill level 1 in Armour
   589 | D:1      | Reached XP level 3. HP: 26/26 MP: 0/6
   933 | D:1      | Found a faded altar of an unknown god.
   988 | D:1      | Learned a level 3 spell: Conjure Flame
  1445 | D:2      | Reached XP level 4. HP: 32/32 MP: 3/8
  2175 | D:3      | Noticed Terence
  2202 | D:3      | Noticed a centaur
  2209 | D:3      | Killed a centaur
  2210 | D:3      | Reached skill level 1 in Fire Magic
  2210 | D:3      | Reached XP level 5. HP: 25/38 MP: 4/9
  2318 | D:2      | Reached XP level 6. HP: 3/46 MP: 3/10
  2739 | D:3      | Found a hazy altar of Hepliaklqana.
  2837 | D:3      | Reached XP level 7. HP: 51/52 MP: 1/12
  3729 | D:4      | Found a hide-covered altar of Uskayaw.
  4296 | D:4      | Learned a level 3 spell: Vampiric Draining
  4297 | D:5      | Entered Level 5 of the Dungeon
  4328 | D:5      | Found Ruiseack's Book Shop.
  4343 | D:5      | Reached skill level 5 in Conjurations
  4527 | D:5      | Noticed Duvessa
  4637 | D:5      | Noticed Menkaure
  4666 | D:5      | Reached XP level 8. HP: 25/58 MP: 3/14
  4845 | D:6      | Noticed Prince Ribbit
  4891 | D:5      | Found Deokit's Antique Weapon Shoppe.
  4891 | D:5      | Noticed Sigmund
  4953 | D:5      | Found a transporter.
  5053 | D:5      | Found a transporter.
  5526 | D:6      | Reached skill level 5 in Spellcasting
  5742 | D:6      | Found Voakixt's Book Shoppe.
  6136 | D:6      | Reached skill level 1 in Necromancy
  6586 | D:6      | You are sucked into a shaft and drop 1 floor!
  6683 | D:7      | Reached XP level 9. HP: 65/65 MP: 11/17
  6709 | D:7      | Found a shimmering blue altar of Sif Muna.
  6743 | D:7      | Noticed an unseen horror
  6838 | D:7      | Found a blossoming altar of Fedhas.
  7405 | D:7      | Found a staircase to the Ecumenical Temple.
  7417 | Temple   | Entered the Ecumenical Temple
  7644 | Temple   | Became a worshipper of Kikubaaqudgha
  7850 | D:7      | Reached skill level 5 in Fire Magic
  7914 | D:7      | Killed an unseen horror
  7915 | D:7      | Reached skill level 1 in Ranged Weapons
  8155 | D:6      | Killed Prince Ribbit
  8260 | D:6      | Reached skill level 5 in Armour
  8306 | D:5      | Killed Sigmund
  8318 | D:5      | Noticed Dowan
  8340 | D:5      | Killed Duvessa
  8341 | D:5      | Reached skill level 5 in Fighting
  8341 | D:5      | Reached XP level 10. HP: 74/74 MP: 6/19
  8344 | D:5      | Killed Dowan
  8595 | D:5      | Killed Menkaure
  8793 | D:3      | Killed Terence
  9021 | D:8      | Reached skill level 5 in Necromancy
  9056 | D:8      | Found a flagged portal.
  9063 | D:8      | Reached * piety under Kikubaaqudgha
  9063 | D:8      | Received a gift from Kikubaaqudgha
  9169 | D:8      | Learned a level 2 spell: Sublimation of Blood
  9194 | D:8      | Found a transporter.
  9202 | D:8      | Found a transporter.
  9226 | D:8      | Found a transporter.
  9355 | Bailey   | Entered a bailey
  9519 | Bailey   | Reached ** piety under Kikubaaqudgha
  9684 | Bailey   | Noticed a gargoyle
  9737 | Bailey   | Mangled by a gargoyle

Illustrated notes

Levels and vault maps discovered:
D:1:      amcnicky_arrival_choice, layout_loops_ring, basic_ecumenical_altar
D:2:      layout_loops_corners
D:3:      layout_basic, nicolae_overflow_hidden_temple, uniq_terence
D:4:      layout_loops_ring, lemuel_coloured_pillars_altar,
          minmay_stone_trees_medium
D:5:      gammafunk_wand_slinger, layout_basic, serial_shops, shop,
          nicolae_shop_advertising_works [nicolae_subvault_shop_adworks],
          minmay_fractal_squares_gapless_5, uniq_sigmund, uniq_menkaure,
          uniq_duvessa
D:6:      layout_basic, serial_shops, shop, chequers_serial_rivers_micro_e,
          uniq_prince_ribbit1
D:7:      layout_loops_corners, overflow_temple_1_default,
          nicolae_overflow_crystal_walls, minmay_temple_entry_proselytizer
D:8:      layout_gridville, minmay_lair_entry_grove, enter_bailey_4,
          serial_undead, serial_undead_b, serial_undead_e, serial_undead_f,
          serial_undead_e, nicolae_transporter_intersection
Temple:   mainiacjoe_temple_bowtie_tessellation
Bailey:   bailey_polearm_vampire_castle_hellmonk, bailey

Skill      XL: |  1  2  3  4  5  6  7  8  9 10 |
---------------+-------------------------------+-----
Dodging        | 2 3 |  3.0
Fighting       | 1 2 3 5 |  5.0
Armour         | 1 2 3 5 |  5.0
Conjurations   | 4 5 6 |  6.0
Spellcasting   | 3 4 5 6 7 |  7.0
Fire Magic     | 1 2 3 4 5 6 |  6.0
Necromancy     | 1 3 7 |  7.2
Ranged Weapons | 2 |  2.0
Stealth        | |  2.4

Action                   |  1- 3 |  4- 6 |  7- 9 | 10-12 || total
-------------------------+-------+-------+-------+-------++-------
Melee: Dagger            |     8 |       |    22 |       ||    30
       Mace              |       |    10 |       |    32 ||    42
       Punch             |       |       |     1 |       ||     1
 Fire: Sling             |       |    11 |       |       ||    11
       Shortbow          |       |    25 |   237 |   108 ||   370
 Cast: Magic Dart        |    75 |    30 |    12 |     5 ||   122
       Searing Ray       |     1 |    14 |    38 |    25 ||    78
       Conjure Flame     |       |       |    23 |    22 ||    45
       Vampiric Draining |       |       |       |     4 ||     4
       Sublimation of Bl |       |       |       |     3 ||     3
 Abil: Dig               |       |       |     1 |       ||     1
       Shaft Self        |       |       |     1 |       ||     1
  Use: Potion            |       |     2 |       |       ||     2
       Scroll            |       |       |     4 |       ||     4
 Stab: Sleeping          |     1 |       |     1 |       ||     2
Armor: Robe              |     2 |     6 |     9 |    35 ||    52
Dodge: Dodged            |     8 |    17 |    42 |   119 ||   186
